NCAA
LONG BEACH STATE 49ERS @ USC TROJANS
03/22/2060
 
TOP OF THE 1ST
Long Beach State 49ers batting - Pitching for USC Trojans : LHP Malachi Faulkner
Pitching: LHP Malachi Faulkner
Batting: RHB Taylor Hughes 0-0: Called Strike
0-1: Foul Ball, location: 2F
0-2: Ball
1-2: SINGLE (Flyball, 7S, EV 97.5 MPH)
Batting: LHB Chase Johnson 0-0: Ball
1-0: Foul Ball, location: 2F
1-1: Ball
2-1: SINGLE (Line Drive, 89M, EV 98.8 MPH)
Taylor Hughes to second
Batting: RHB Jayson Artmann 0-0: Called Strike
0-1: Ball
1-1: Grounds into double play, 5-4-3 (Groundball, 56, EV 90.6 MPH)
Taylor Hughes to third
Batting: LHB Kellen Todd 0-0: Called Strike
0-1: Ball
1-1: TRIPLE (Flyball, 89XD, EV 93.1 MPH)
Taylor Hughes scores
Batting: RHB Ferd Chamberlain 0-0: Called Strike
0-1: Fly out, F9 (Line Drive, 9, EV 98.1 MPH)
Top of the 1st over - 1 run, 3 hits, 0 errors, 1 left on base; Long Beach State 1 - USC 0
BOTTOM OF THE 1ST
USC Trojans batting - Pitching for Long Beach State 49ers : RHP Leo Good
Pitching: RHP Leo Good
Batting: LHB Nathaniel Lockman 0-0: Foul Ball, location: 2F
0-1: Foul Ball, location: 2F
0-2: Ball
1-2: Ball
2-2: Ball
3-2: Foul Ball, location: 2F
3-2: Strikes out swinging
Batting: LHB Simon Preston 0-0: Ball
1-0: Ball
2-0: Ball
3-0: Base on Balls
Batting: RHB Levi Lane 0-0: Ball
Simon Preston is caught stealing 2nd base 2-4
1-0: Foul Ball, location: 2F
1-1: Foul Ball, location: 2F
1-2: Strikes out swinging
Bottom of the 1st over - 0 runs, 0 hits, 0 errors, 0 left on base; Long Beach State 1 - USC 0
TOP OF THE 2ND
Long Beach State 49ers batting - Pitching for USC Trojans : LHP Malachi Faulkner
Batting: SHB Desi Madden 0-0: Ball
1-0: Fly out, F8 (Flyball, 8RM, EV 90.0 MPH)
Batting: LHB Vince Key 0-0: Ball
1-0: Called Strike
1-1: Ball
2-1: Ball
3-1: Foul Ball, location: 2F
3-2: Foul Ball, location: 2F
3-2: Base on Balls
Batting: LHB Najeal Janssen 0-0: Ball
1-0: Foul Ball, location: 2F
1-1: SINGLE (Line Drive, 34, EV 105.6 MPH)
Vince Key to second
Batting: RHB Dick Fendley 0-0: Fly out, F8 (Flyball, 89D, EV 89.4 MPH)
Batting: RHB Taylor Hughes 0-0: Ball
1-0: Swinging Strike
1-1: Swinging Strike
1-2: Strikes out swinging
Top of the 2nd over - 0 runs, 1 hit, 0 errors, 2 left on base; Long Beach State 1 - USC 0
BOTTOM OF THE 2ND
USC Trojans batting - Pitching for Long Beach State 49ers : RHP Leo Good
Batting: SHB Nathaniel Hirsch 0-0: Ball
1-0: Foul Ball, location: 2F
1-1: Ground out 6-3 (Groundball, 6S, EV 85.0 MPH)
Batting: RHB Micah Decker 0-0: Foul Ball, location: 2F
0-1: Fly out, F8 (Flyball, 8RM, EV 84.4 MPH)
Batting: RHB Devan Oakley 0-0: Ball
1-0: Swinging Strike
1-1: Ball
2-1: Fly out, F7 (Flyball, 7, EV 90.6 MPH)
Bottom of the 2nd over - 0 runs, 0 hits, 0 errors, 0 left on base; Long Beach State 1 - USC 0
TOP OF THE 3RD
Long Beach State 49ers batting - Pitching for USC Trojans : LHP Malachi Faulkner
Batting: LHB Chase Johnson 0-0: Foul Ball, location: 2F
0-1: Foul Ball, location: 2F
0-2: Ball
1-2: Strikes out swinging, 2-3 out at first.
Batting: RHB Jayson Artmann 0-0: Ball
1-0: SOLO HOME RUN (Flyball, 7LD, EV 93.8 MPH), Distance : 342 ft
Batting: LHB Kellen Todd 0-0: Ball
1-0: SINGLE (Line Drive, 7S, EV 97.5 MPH)
Batting: RHB Ferd Chamberlain 0-0: Called Strike
0-1: Foul Ball, location: 2F
0-2: Ball
1-2: Grounds into double play, 6-4-3 (Groundball, 6, EV 82.5 MPH)
Top of the 3rd over - 1 run, 2 hits, 0 errors, 0 left on base; Long Beach State 2 - USC 0
BOTTOM OF THE 3RD
USC Trojans batting - Pitching for Long Beach State 49ers : RHP Leo Good
Batting: RHB Dajuan Steele 0-0: Ball
1-0: Ball
2-0: Called Strike
2-1: Ball
3-1: Ground out 4-3 (Groundball, 4, EV 101.9 MPH)
Batting: LHB Levi McMillan 0-0: SINGLE (Line Drive, 4MD, EV 96.9 MPH)
Batting: SHB Markel Edwards 0-0: Called Strike
0-1: Ball
1-1: Ball
2-1: DOUBLE (Line Drive, 9LS, EV 92.5 MPH)
Levi McMillan to third
Runner from 3rd tries for Home, throw by RF and OUT! 9-4-2
Batting: LHB Nathaniel Lockman 0-0: Called Strike
0-1: Ball
1-1: Ball
2-1: Ball
3-1: Foul Ball, location: 2F
3-2: Base on Balls
Batting: LHB Simon Preston 0-0: Ball
1-0: Ball
2-0: Called Strike
2-1: Ball
3-1: Called Strike
3-2: Foul Ball, location: 2F
3-2: TRIPLE (Line Drive, 78XD, EV 103.8 MPH)
Markel Edwards scores
Nathaniel Lockman scores
Batting: RHB Levi Lane 0-0: Ball
1-0: Ball
2-0: Ball
3-0: Called Strike
3-1: Base on Balls
Batting: SHB Nathaniel Hirsch 0-0: Called Strike
0-1: Ball
1-1: Called Strike
1-2: Strikes out swinging
Bottom of the 3rd over - 2 runs, 3 hits, 0 errors, 2 left on base; Long Beach State 2 - USC 2
TOP OF THE 4TH
Long Beach State 49ers batting - Pitching for USC Trojans : LHP Malachi Faulkner
Batting: SHB Desi Madden 0-0: Ball
1-0: Ball
2-0: Foul Ball, location: 2F
2-1: Ball
3-1: Base on Balls
Batting: LHB Vince Key 0-0: Ball
1-0: Ball
2-0: Ball
3-0: Base on Balls
Desi Madden to second
Batting: LHB Najeal Janssen 0-0: Fly out, F7 (Line Drive, 78M, EV 96.2 MPH)
Batting: RHB Dick Fendley 0-0: SINGLE (Groundball, 5S, EV 73.8 MPH) (infield hit)
Desi Madden to third
Vince Key to second
Batting: RHB Taylor Hughes 0-0: Ball
1-0: Ball
2-0: Fly out, F7 (Flyball, 7, EV 85.6 MPH)
Throwing error, E7
Desi Madden scores
Vince Key to third
Dick Fendley to second
Batting: LHB Chase Johnson 0-0: Ball
1-0: Ball
2-0: Ball
3-0: Base on Balls
Batting: RHB Jayson Artmann 0-0: Ground out 4-3 (Groundball, 4, EV 81.9 MPH)
Top of the 4th over - 1 run, 1 hit, 1 error, 3 left on base; Long Beach State 3 - USC 2
BOTTOM OF THE 4TH
USC Trojans batting - Pitching for Long Beach State 49ers : RHP Leo Good
Batting: RHB Micah Decker 0-0: Ball
1-0: Called Strike
1-1: Foul Ball, location: 2F
1-2: Fly out, F9 (Line Drive, 89M, EV 95.0 MPH)
Batting: RHB Devan Oakley 0-0: Ball
1-0: Foul Ball, location: 2F
1-1: Foul Ball, location: 2F
1-2: SOLO HOME RUN (Flyball, 7D, EV 96.2 MPH), Distance : 369 ft
Batting: RHB Dajuan Steele 0-0: Called Strike
0-1: Ball
1-1: Foul Ball, location: 2F
1-2: SINGLE (Line Drive, 6MD, EV 98.1 MPH)
Batting: LHB Levi McMillan 0-0: Called Strike
0-1: Ball
1-1: Foul Ball, location: 2F
1-2: Ball
2-2: Strikes out swinging
Batting: SHB Markel Edwards 0-0: Called Strike
0-1: Ball
1-1: Ball
2-1: Ball
3-1: Base on Balls
Dajuan Steele to second
Batting: LHB Nathaniel Lockman 0-0: Ball
1-0: Ball
2-0: SINGLE (Line Drive, 7LS, EV 103.8 MPH)
Dajuan Steele to third
Markel Edwards to second
Batting: LHB Simon Preston 0-0: Called Strike
0-1: Called Strike
0-2: Foul Ball, location: 2F
0-2: Ball
1-2: Ball
2-2: GRAND SLAM HOME RUN (Line Drive, 9D, EV 103.1 MPH), Distance : 378 ft
Pitching: LHP Vince Hafer
Batting: RHB Levi Lane 0-0: Ball
1-0: Swinging Strike
1-1: Called Strike
1-2: Strikes out swinging
Bottom of the 4th over - 5 runs, 4 hits, 0 errors, 0 left on base; Long Beach State 3 - USC 7
TOP OF THE 5TH
Long Beach State 49ers batting - Pitching for USC Trojans : LHP Malachi Faulkner
Batting: LHB Kellen Todd 0-0: Ball
1-0: Called Strike
1-1: Ball
2-1: Ground out 3-1 (Groundball, 3L, EV 103.1 MPH)
Batting: RHB Ferd Chamberlain 0-0: Called Strike
0-1: Foul Ball, location: 2F
0-2: Ground out 6-3 (Groundball, 6, EV 78.1 MPH)
Batting: SHB Desi Madden 0-0: Called Strike
0-1: Swinging Strike
0-2: Ball
1-2: Ball
2-2: Foul Ball, location: 2F
2-2: Foul Ball, location: 2F
2-2: Strikes out looking
Top of the 5th over - 0 runs, 0 hits, 0 errors, 0 left on base; Long Beach State 3 - USC 7
BOTTOM OF THE 5TH
USC Trojans batting - Pitching for Long Beach State 49ers : LHP Vince Hafer
Batting: SHB Nathaniel Hirsch 0-0: Ball
1-0: Ball
2-0: Ball
3-0: Swinging Strike
3-1: Swinging Strike
3-2: Fly out, F6 (Popup, P, EV 75.6 MPH)
Batting: RHB Micah Decker 0-0: Fly out, F9 (Line Drive, 9, EV 88.8 MPH)
Batting: RHB Devan Oakley 0-0: Ball
1-0: Called Strike
1-1: Swinging Strike
1-2: Foul Ball, location: 2F
1-2: Fly out, F7 (Line Drive, 78M, EV 90.6 MPH)
Bottom of the 5th over - 0 runs, 0 hits, 0 errors, 0 left on base; Long Beach State 3 - USC 7
TOP OF THE 6TH
Long Beach State 49ers batting - Pitching for USC Trojans : LHP Malachi Faulkner
Batting: LHB Vince Key 0-0: Fly out, F8 (Flyball, 8LD, EV 91.2 MPH)
Batting: LHB Najeal Janssen 0-0: Foul Ball, location: 2F
0-1: Foul Ball, location: 2F
0-2: Ground out 4-3 (Groundball, 4, EV 110.0 MPH)
Batting: RHB Dick Fendley 0-0: Foul Ball, location: 2F
0-1: Ball
1-1: Ball
2-1: Fly out, F3 (Line Drive, 3, EV 71.2 MPH)
Top of the 6th over - 0 runs, 0 hits, 0 errors, 0 left on base; Long Beach State 3 - USC 7
BOTTOM OF THE 6TH
USC Trojans batting - Pitching for Long Beach State 49ers : LHP Vince Hafer
Batting: RHB Dajuan Steele 0-0: Called Strike
0-1: Ball
1-1: SINGLE (Line Drive, 4D, EV 98.1 MPH)
Batting: LHB Levi McMillan 0-0: Swinging Strike
0-1: Fielders Choice at 2nd, 3-6 (Groundball, 3, EV 84.4 MPH)
Batting: SHB Markel Edwards 0-0: Ball
1-0: Ball
2-0: Foul Ball, location: 2F
2-1: Ball
3-1: DOUBLE (Line Drive, 7LS, EV 106.9 MPH)
Levi McMillan to third
Runner from 3rd tries for Home, SAFE, no throw by LF
Batting: LHB Nathaniel Lockman 0-0: Ball
1-0: Called Strike
1-1: Ball
2-1: 2-RUN HOME RUN (Flyball, 9D, EV 97.5 MPH), Distance : 385 ft
Batting: LHB Simon Preston 0-0: Ball
1-0: SINGLE (Groundball, 56, EV 105.0 MPH)
Batting: RHB Levi Lane 0-0: Ball
1-0: Ball
2-0: Ball
3-0: Base on Balls
Simon Preston to second
Batting: SHB Nathaniel Hirsch 0-0: Ball
1-0: Foul Ball, location: 2F
1-1: Ball
2-1: Foul Ball, location: 2F
2-2: Ball
3-2: Strikes out looking
Batting: RHB Micah Decker 0-0: Fielders Choice at 2nd, 5-4 (Groundball, 5, EV 84.4 MPH)
Bottom of the 6th over - 3 runs, 4 hits, 0 errors, 2 left on base; Long Beach State 3 - USC 10
TOP OF THE 7TH
Long Beach State 49ers batting - Pitching for USC Trojans : LHP Malachi Faulkner
Pitching: RHP Eli Neufeld
Batting: RHB Taylor Hughes 0-0: Called Strike
0-1: Called Strike
0-2: Ball
1-2: Strikes out swinging
Batting: LHB Chase Johnson 0-0: Called Strike
0-1: Foul Ball, location: 2F
0-2: Ball
1-2: Foul Ball, location: 2F
1-2: Ball
2-2: Ball
3-2: Strikes out looking
Batting: RHB Jayson Artmann 0-0: Foul Ball, location: 2F
0-1: Ball
1-1: Ball
2-1: Called Strike
2-2: Foul Ball, location: 2F
2-2: Strikes out swinging
Top of the 7th over - 0 runs, 0 hits, 0 errors, 0 left on base; Long Beach State 3 - USC 10
BOTTOM OF THE 7TH
USC Trojans batting - Pitching for Long Beach State 49ers : LHP Vince Hafer
Batting: RHB Devan Oakley 0-0: Ball
1-0: Ball
2-0: Ball
3-0: Called Strike
3-1: Base on Balls
Pitching: RHP Vincent Gerl
Batting: RHB Dajuan Steele 0-0: Ball
1-0: Ball
Devan Oakley steals 2nd base
2-0: Ball
3-0: Called Strike
3-1: Base on Balls
Batting: LHB Levi McMillan 0-0: Ball
1-0: Fielders Choice at 2nd, 6-4 (Groundball, 6, EV 86.9 MPH)
Devan Oakley to third
Batting: SHB Markel Edwards 0-0: Called Strike
Levi McMillan steals 2nd, throwing error, E2
Devan Oakley scores
Levi McMillan to third
0-1: Called Strike
0-2: Ball
1-2: Ball
2-2: Strikes out swinging
Batting: LHB Nathaniel Lockman 0-0: Called Strike
0-1: Fly out, F9 (Line Drive, 9LM, EV 92.5 MPH)
Bottom of the 7th over - 1 run, 0 hits, 1 error, 1 left on base; Long Beach State 3 - USC 11
TOP OF THE 8TH
Long Beach State 49ers batting - Pitching for USC Trojans : RHP Eli Neufeld
Batting: LHB Kellen Todd 0-0: Foul Ball, location: 2F
0-1: Foul Ball, location: 2F
0-2: Ball
1-2: Foul Ball, location: 2F
1-2: Foul Ball, location: 2F
1-2: Ball
2-2: Foul Ball, location: 2F
2-2: Ball
3-2: Foul Ball, location: 2F
3-2: SINGLE (Groundball, 4MD, EV 99.4 MPH)
Batting: RHB Ferd Chamberlain 0-0: Fly out, F9 (Line Drive, 9, EV 96.9 MPH)
Batting: SHB Desi Madden 0-0: Foul Ball, location: 2F
0-1: Swinging Strike
0-2: Ball
1-2: Strikes out swinging
Batting: LHB Vince Key 0-0: 2-RUN HOME RUN (Flyball, 9LD, EV 91.9 MPH), Distance : 335 ft
Batting: LHB Najeal Janssen 0-0: Ball
1-0: Foul Ball, location: 2F
1-1: Swinging Strike
1-2: Fly out, F8 (Flyball, 78M, EV 88.1 MPH)
Top of the 8th over - 2 runs, 2 hits, 0 errors, 0 left on base; Long Beach State 5 - USC 11
BOTTOM OF THE 8TH
USC Trojans batting - Pitching for Long Beach State 49ers : RHP Vincent Gerl
Batting: LHB Simon Preston 0-0: Ground out 4-3 (Groundball, 4M, EV 86.9 MPH)
Batting: RHB Levi Lane 0-0: Ball
1-0: Swinging Strike
1-1: Foul Ball, location: 2F
1-2: Ball
2-2: Ball
3-2: Ground out 5-3 (Groundball, 56, EV 79.4 MPH)
Batting: SHB Nathaniel Hirsch 0-0: Ball
1-0: Called Strike
1-1: Reached on error, E1 (Groundball, P, EV 61.2 MPH)
Batting: RHB Micah Decker 0-0: Fly out, F7 (Flyball, 7, EV 91.2 MPH)
Bottom of the 8th over - 0 runs, 0 hits, 1 error, 1 left on base; Long Beach State 5 - USC 11
TOP OF THE 9TH
Long Beach State 49ers batting - Pitching for USC Trojans : RHP Eli Neufeld
Batting: RHB Dick Fendley 0-0: Fly out, F7 (Flyball, 7LS, EV 88.1 MPH)
Batting: RHB Taylor Hughes 0-0: Called Strike
0-1: Ball
1-1: Swinging Strike
1-2: SOLO HOME RUN (Flyball, 9D, EV 95.0 MPH), Distance : 375 ft
Pitching: RHP Nelson Reese
Batting: LHB Chase Johnson 0-0: Ball
1-0: Called Strike
1-1: Ball
2-1: Foul Ball, location: 2F
2-2: Foul Ball, location: 2F
2-2: Strikes out swinging
Batting: RHB Jayson Artmann 0-0: Ball
1-0: Ball
2-0: Called Strike
2-1: Ball
3-1: Foul Ball, location: 2F
3-2: Foul Ball, location: 2F
3-2: Foul Ball, location: 2F
3-2: Base on Balls
Batting: LHB Kellen Todd 0-0: Foul Ball, location: 2F
0-1: Swinging Strike
0-2: Ball
1-2: Ball
2-2: Fly out, F9 (Flyball, 9D, EV 108.8 MPH)
Top of the 9th over - 1 run, 1 hit, 0 errors, 1 left on base; Long Beach State 6 - USC 11
Wednesday, April 17th , 2024 - OOTP Baseball 23.10 Build 110